 Dungeon Crawl Stone Soup version 0.30-a0-29-g142975f185 (webtiles) character file.

Game seed: 6177814545171067278

986 kae the Firebug (level 7, -2/56 HPs)
             Began as a Demigod Fire Elementalist on Aug 25, 2022.
             Slain by an orc warrior
             ... wielding a +0 halberd
              (23 damage)
             ... on level 5 of the Dungeon.
             The game lasted 00:04:40 (6195 turns).

kae the Firebug (Demigod Fire Elementalist)         Turns: 6195, Time: 00:04:40

Health: -2/56      AC:  2    Str: 15    XL:     7   Next: 65%
Magic:  16/24      EV: 13    Int: 25    God:
Gold:   373        SH:  0    Dex: 14    Spells: 3/12 levels left

rFire   + . .      SeeInvis .    k - +2 short sword (protect)
rCold   + . .      Faith    .    (no shield)
rNeg    . . .      Spirit   .    a - +0 robe
rPois   .          Reflect  .    (no helmet)
rElec   .          Harm     .    n - scarf {rC+ rF+}
rCorr   .          Rampage  .    (no gloves)
Will    .....                    (no boots)
Stlth   ++........               (no amulet)
HPRegen 0.18/turn                S - +6 ring of strength
MPRegen 0.19/turn                W - ring of magical power

@: no status effects
A: high MP 1, forlorn, divine attributes
a: no special abilities


You were on level 5 of the Dungeon.
You visited 2 branches of the dungeon, and saw 6 of its levels.

You collected 373 gold pieces.


Innate Abilities, Weirdness & Mutations

You have an increased reservoir of magic. (+10% MP)
You shall have no god before yourself.
Your divine heritage dramatically boosts your attributes as you level up.


   Skills:
 + Level 2.9 Fighting
 + Level 3.5 Dodging
 - Level 1.7 Stealth
 + Level 3.2 Spellcasting
 * Level 4.4 Conjurations
 * Level 5.2 Fire Magic


You had 3 spell levels left.
You knew the following spells:

 Your Spells              Type           Power      Damage    Failure   Level
a - Foxfire               Conj/Fire      100%       2x1d9     1%          1
b - Scorch                Fire           60%        2d8       1%          2
c - Conjure Flame         Conj/Fire      28%        6-21      4%          3
d - Inner Flame           Hex/Fire       17%        N/A       10%         3

Your spell library contained the following spells:

 Spells                   Type           Power      Damage    Failure   Level
 Slow                     Hex            16%        N/A       10%         1
 Confusing Touch          Hex            4%         N/A       30%         3
 Vampiric Draining        Necr           4%         2d6       30%         3
 Flame Wave               Conj/Fire      28%        2d9       14%         4
 Summon Forest            Summ/Tloc      2%         N/A       95%         5
 Summon Mana Viper        Hex/Summ       4%         N/A       95%         5
 Summon Cactus Giant      Summ           2%         N/A       100%        6

Inventory:

Hand Weapons
 g - a +0 whip
   (You took it off a kobold on level 1 of the Dungeon)
 k - a +2 short sword of protection (weapon)
   (You took it off a kobold on level 2 of the Dungeon)
 p - a +1 whip of draining
   (You took it off a kobold on level 4 of the Dungeon)
Missiles
 c - 46 stones
 j - 14 poisoned darts
 u - a boomerang
Armour
 a - a +0 robe (worn)
 n - a scarf of resistance (worn)
   (You found it on level 2 of the Dungeon)
Magical Staves
 y - a staff of poison {!a}
   (You found it on level 5 of the Dungeon)
Jewellery
 s - a +6 ring of strength
   (You found it on level 3 of the Dungeon)
 w - a ring of willpower
   (You found it on level 5 of the Dungeon)
 S - a +6 ring of strength (left hand)
   (You found it on level 2 of the Dungeon)
 W - a ring of magical power (right hand)
   (You found it on level 3 of the Dungeon)
Wands
 o - a wand of mindburst (1)
   (You took it off Ijyb on level 3 of the Dungeon)
 q - a wand of digging (2)
   (You took it off an orc on level 5 of the Dungeon)
Scrolls
 d - a scroll of enchant weapon
 r - 3 scrolls of identify {@r1}
 z - a scroll of vulnerability {!r!r}
Potions
 b - a potion of magic
 e - 2 potions of brilliance {unknown}
 f - a potion of ambrosia {unknown}
 h - a potion of haste {@q3}
 i - 4 potions of lignification {unknown}
 l - a potion of curing {@q1}
 m - 2 potions of resistance {unknown}
 t - a potion of flight {unknown}
 v - a potion of berserk rage {unknown}
 x - a potion of might {unknown}

Dungeon Overview and Level Annotations

Branches:
Dungeon (5/15) Zot: 23818  Temple (1/1) D:4 Zot: 5998

..........
#.##
..........
##..####
#.........
#......#
#.........
#.#.##.#
..........
#.#.##.#
.....###.#
#...##.#
.)..## ##8
#.####.#
...## ..o
#.####.#
#### #..
#@o....# #
.. #o######
##### #)#)#
.##.# #.))#
.##.# #####
....# #####
.##.###...#
.##.....###
.##.....#


You could see an orc warrior (combustible) and an orc priest (combustible).


Message History

You kill the orc!
An orc comes into view. It is wielding a +0 club.
Casting: Foxfire (safe; 1% risk of failure)
Confirm with . or Enter, or press ? or * to list all spells.
You conjure some foxfire!
The orc shouts!
You hear a shout!
The foxfire hits the orc. 😎 MP[-1]
You lost 1 mp, and now have 20/24 mp.
Casting: Foxfire (safe; 1% risk of failure)
Confirm with . or Enter, or press ? or * to list all spells.
You conjure some foxfire!
The foxfire hits the orc.
You kill the orc!
An orc priest comes into view. It is wielding a +0 trident.
Casting: Foxfire (safe; 1% risk of failure)
Confirm with . or Enter, or press ? or * to list all spells.
You conjure some foxfire!
The foxfire hits the orc.
The foxfire hits the orc but does no damage. 😎 MP[-1]
You lost 1 mp, and now have 19/24 mp.
The orc misses you.
Casting: Foxfire (safe; 1% risk of failure)
Confirm with . or Enter, or press ? or * to list all spells.
Flames lash the orc.
The orc's fire resistance burns away.
The orc closely misses you.
The orc hits you with a +0 club. 😕 HP[-2] MP[-2]
You take 2 damage, and now have 54/56 hp.
You lost 2 mp, and now have 17/24 mp. 😕 MP[+1]
The orc is no longer more vulnerable to fire.
Casting: Scorch (safe; 1% risk of failure)
Confirm with . or Enter, or press ? or * to list all spells.
You conjure some foxfire!
The foxfire hits the orc.
You kill the orc!
The orc priest closely misses you.
The foxfire hits the orc priest.
The orc priest hits you from afar with a +0 trident. 😕 HP[-4] MP[-1]
You take 4 damage, and now have 50/56 hp.
You lost 1 mp, and now have 17/24 mp.
Casting: Foxfire (safe; 1% risk of failure)
Confirm with . or Enter, or press ? or * to list all spells.
Flames lash the orc priest.
The orc priest's fire resistance burns away.
The orc priest hits you from afar with a +0 trident.
The orc priest hits you from afar with a +0 trident. 😮 HP[-9] MP[-1]
You take 9 damage, and now have 41/56 hp.
You lost 1 mp, and now have 16/24 mp.
Casting: Scorch (safe; 1% risk of failure)
Confirm with . or Enter, or press ? or * to list all spells.
You conjure some foxfire!
The orc priest misses you.
The foxfire hits the orc priest!
The orc priest is burned terribly!
You kill the orc priest! 😮 MP[-1]
You lost 1 mp, and now have 15/24 mp.
An orc warrior comes into view.
It is wielding a +0 halberd. 😕 HP[+7] MP[+7]
You regained 7 hp, and now have 48/56 hp.
You regained 7 mp, and now have 22/24 mp.
An orc warrior is nearby!
An orc warrior is nearby!
An orc warrior is nearby!
Casting: Foxfire (safe; 1% risk of failure)
Confirm with . or Enter, or press ? or * to list all spells.
Flames lash the orc warrior.
The orc warrior shouts!
The orc warrior's fire resistance burns away.
The orc warrior unwields a +0 halberd.
The orc warrior wields a +0 arbalest.
The orc warrior shoots a bolt.
The bolt misses you. 😕 HP[+1] MP[-1]
You lost 1 mp, and now have 21/24 mp.
Casting: Scorch (safe; 1% risk of failure)
Confirm with . or Enter, or press ? or * to list all spells.
Flames lash the orc warrior.
The orc warrior is burned terribly!
An orc comes into view. It is wielding a +0 short sword.
The orc warrior shoots a bolt.
The bolt hits you! 😮 HP[-16] MP[-2]
You take 16 damage, and now have 33/56 hp.
MASSIVE DAMAGE!! (PAUSE)
You lost 2 mp, and now have 19/24 mp.
Casting: Scorch (safe; 1% risk of failure)
Confirm with . or Enter, or press ? or * to list all spells.
Flames lash the orc.
You kill the orc!
An orc priest comes into view. It is wielding a +0 club.
The orc warrior unwields a +0 arbalest.
The orc warrior wields a +0 halberd.
The orc warrior hits you with a +0 halberd!
* * * LOW HITPOINT WARNING * * *
😨 HP[-12] MP[-2]
You take 12 damage, and now have 21/56 hp.
MASSIVE DAMAGE!! (PAUSE)
You lost 2 mp, and now have 17/24 mp.
Casting: Scorch (safe; 1% risk of failure)
Confirm with . or Enter, or press ? or * to list all spells.
Flames lash the orc priest.
The orc priest's fire resistance burns away.
The orc warrior hits you with a +0 halberd!!
You die...

Skill      XL: |  1  2  3  4  5  6  7 |
---------------+----------------------+-----
Conjurations   | 1 2 3 4 |  4.4
Dodging        | 2 3 |  3.5
Fire Magic     | 3 4 5 |  5.2
Spellcasting   | 2 3 |  3.2
Fighting       | 1 2 |  2.9
Stealth        | |  1.7

Action                   |  1- 3 |  4- 6 |  7- 9 || total
-------------------------+-------+-------+-------++-------
Melee: Short sword       |    20 |    22 |       ||    42
       Punch             |       |     1 |       ||     1
 Cast: Foxfire           |    53 |    78 |    38 ||   169
       Scorch            |     8 |    37 |    18 ||    63
       Conjure Flame     |       |       |     2 ||     2
  Use: Scroll            |     4 |     4 |       ||     8
       Potion            |       |       |     3 ||     3
Armor: Robe              |     6 |    13 |     3 ||    22
Dodge: Dodged            |    32 |    32 |    24 ||    88

Levels and vault maps discovered:
D:1:      lemuel_arrival_tunnels, layout_basic
D:2:      minmay_door_path, layout_rooms, shapermc_ecumenical_altar_mp_vishouse,
          chequers_serial_rivers_marsh, kennysheep_potato
D:3:      layout_basic, hex_tiny, minmay_misc_feat_iff, uniq_ijyb
D:4:      layout_rooms, minmay_temple_entry_overgrown
D:5:      layout_loops_cross, pf_guarded_unrand_meek
Temple:   hellmonk_temple_of_storms

Notes
Turn   | Place    | Note
-------+----------+-------------------------------------------
     0 | D:1      | kae the Demigod Fire Elementalist began the quest for the
                  | Orb.
     0 | D:1      | Reached XP level 1. HP: 14/14 MP: 5/5
     0 | D:1      | magus.rc [v1.11.3]
    90 | D:1      | Reached skill level 1 in Conjurations
   635 | D:1      | Reached XP level 2. HP: 22/22 MP: 1/7
  1056 | D:1      | Learned a level 2 spell: Scorch
  1171 | D:2      | Reached skill level 2 in Dodging
  1171 | D:2      | Reached skill level 3 in Fire Magic
  1295 | D:2      | Reached XP level 3. HP: 27/27 MP: 6/8
  1322 | D:2      | Reached skill level 2 in Spellcasting
  1701 | D:2      | Reached skill level 1 in Fighting
  1859 | D:2      | Reached skill level 2 in Conjurations
  1859 | D:2      | Reached XP level 4. HP: 28/35 MP: 2/9
  2750 | D:3      | Reached XP level 5. HP: 35/40 MP: 2/11
  3007 | D:3      | Noticed Ijyb
  3180 | D:2      | Learned a level 3 spell: Conjure Flame
  3586 | D:3      | Killed Ijyb
  3587 | D:3      | Reached skill level 4 in Fire Magic
  4074 | D:4      | Reached skill level 3 in Conjurations
  4172 | D:4      | Learned a level 3 spell: Inner Flame
  4174 | D:4      | Reached XP level 6. HP: 48/48 MP: 9/12
  4242 | D:4      | Reached skill level 2 in Fighting
  4300 | D:4      | You pick up a book of the Wilderness and begin reading...
  4300 | D:4      | You add the spells Summon Forest, Summon Mana Viper and
                  | Summon Cactus Giant to your library.
  4328 | D:4      | Found a staircase to the Ecumenical Temple.
  4496 | D:4      | Noticed a water moccasin
  4521 | D:4      | Killed a water moccasin
  4522 | D:4      | Reached skill level 3 in Dodging
  4593 | D:4      | You pick up a book of Debilitation and begin reading...
  4593 | D:4      | You add the spells Slow, Vampiric Draining and Confusing
                  | Touch to your library.
  4871 | D:5      | Entered Level 5 of the Dungeon
  4938 | D:5      | Reached XP level 7. HP: 56/56 MP: 13/14
  5299 | D:5      | Reached skill level 3 in Spellcasting
  5507 | Temple   | Entered the Ecumenical Temple
  5661 | D:5      | Reached skill level 4 in Conjurations
  5661 | D:5      | Reached skill level 5 in Fire Magic
  6195 | D:5      | Slain by an orc warrior

Vanquished Creatures
  A water moccasin (D:4)
  A black bear (D:5)
  An ogre (D:5)
  2 necrophages
  A scorpion (D:5)
  4 orc priests
  3 hounds
  Ijyb (D:3)
  An iguana (D:4)
  3 orc wizards
  10 adders
  3 worms (D:2)
  3 dart slugs
  17 orcs
  4 endoplasms
  3 giant cockroaches
  4 goblins
  10 hobgoblins
  8 kobolds
  4 quokkas
  10 ball pythons
  6 bats
  5 frilled lizards
  7 rats
112 creatures vanquished.

Vanquished Creatures (collateral kills)
  A foxfire (D:4)
1 creature vanquished.

Vanquished Creatures (others)
  280 foxfires
  2 plants (D:4)
282 creatures vanquished.

Grand Total: 395 creatures vanquished

Table legend:
 A = Non-vault XP
 B = Vault XP
 C = Vault XP percentage of total XP
 D = Non-vault monster count
 E = Vault monster count
 F = Vault count percentage of total count
                 A         B        C        D         E       F
            +---------+---------+-------+---------+---------+-------
      Total |    1276 |     133 |   9.4 |      97 |      15 |  13.4
            +---------+---------+-------+---------+---------+-------
        D:1 |      21 |       0 |   0.0 |      15 |       0 |   0.0
        D:2 |     157 |      38 |  19.5 |      23 |       7 |  23.3
        D:3 |     103 |      36 |  25.9 |      23 |       1 |   4.2
        D:4 |     473 |       0 |   0.0 |      21 |       0 |   0.0
        D:5 |     522 |      59 |  10.2 |      15 |       7 |  31.8
            +---------+---------+-------+---------+---------+-------

Illustrated notes

Table legend:
 A = Kills in this place as a percentage of kills in entire the game.
 B = Kills by you in this place as a percentage of kills by you in the entire game.
 C = Kills by friends in this place as a percentage of kills by friends in the entire game.
 D = Other kills in this place as a percentage of other kills in the entire game.
 E = Experience gained in this place as a percentage of experience gained in the entire game.
 F = Experience gained in this place divided by the number of levels of this place that you have seen.
                   A       B       C       D       E      F
               +-------+-------+-------+-------+-------+----------------------
         Total | 100.0 | 100.0 |   N/A |   N/A | 100.0 | 234.8
       Dungeon | 100.0 | 100.0 |   N/A |   N/A | 100.0 | 281.8
               +-------+-------+-------+-------+-------+----------------------

Table legend: (Time is in decaauts)
 A = Elapsed time spent in this place.
 B = Non-inter-level travel time spent in this place.
 C = Inter-level travel time spent in this place.
 D = Time resting spent in this place.
 E = Time spent auto-exploring this place.
 F = Levels seen in this place.
 G = Mean time per level.
                   A        B        C        D        E       F      G
               +--------+--------+--------+--------+--------+-----+--------+
         Total |   6182 |   5972 |    210 |    367 |   4725 |   6 | 1030.3 |
       Dungeon |   6180 |   5970 |    210 |    367 |   4725 |   5 | 1236.0 |
        Temple |      1 |      1 |      0 |      0 |      0 |   1 |    1.0 |
               +--------+--------+--------+--------+--------+-----+--------+

Top non-repeatable levels by time:
     D:2: 1703 daAuts
     D:4: 1168 daAuts
     D:1: 1161 daAuts
     D:3: 1114 daAuts
     D:5: 1033 daAuts
  Temple: 1 daAuts
